 Dungeon Crawl Stone Soup version 0.27-a0-920-gb2bd10914a (webtiles) character file.

Game seed: 10481834712353130030

4 Zeld the Skirmisher (level 1, -2/20 HPs)
             Began as a Hill Orc Fighter on Apr 9, 2021.
             Slain by a gnoll
             ... wielding a +0 club
              (3 damage)
             ... on level 1 of the Dungeon.
             The game lasted 00:00:38 (48 turns).

Zeld the Skirmisher (Hill Orc Fighter)                Turns: 48, Time: 00:00:39

Health: -2/20      AC:  6    Str: 18    XL:     1   Next: 60%
Magic:  1/1        EV:  7    Int:  8    God:
Gold:   6          SH:  9    Dex: 10    Spells: 0/0 levels left

rFire    . . .     SeeInvis .   a - +0 war axe
rCold    . . .     Faith    .   c - +0 kite shield
rNeg     . . .     Spirit   .   b - +0 scale mail
rPois    .         Reflect  .   (no helmet)
rElec    .         Harm     .   (no cloak)
rCorr    .         Rampage  .   (no gloves)
Will     .....                  (no boots)
Stlth    ..........             (no amulet)
HPRegen  0.06/turn              (no ring)
MPRegen  0.07/turn              (no ring)

@: no status effects
A: no striking features
a: no special abilities


You were on level 1 of the Dungeon.
You visited 1 branch of the dungeon, and saw 1 of its levels.

You collected 6 gold pieces.

Inventory:

Hand Weapons
 a - a +0 war axe (weapon)
Armour
 b - a +0 scale mail (worn)
 c - a +0 kite shield (worn)
Potions
 d - a potion of might


   Skills:
 * Level 3.7 Fighting
 * Level 2.8 Axes
 - Level 3.2 Armour
 * Level 0.1 Dodging
 - Level 3.2 Shields
 * Level 0.4 Invocations
 * Level 0.2 Evocations


You couldn't memorise any spells.
You didn't know any spells.
Your spell library was empty.

Dungeon Overview and Level Annotations

Branches:
Dungeon (1/15)

Altars:


Message History

The bat hits you. The bat barely misses you. You block the bat's attack.
You closely miss the bat. The bat barely misses you.
The bat hits you but does no damage. The bat hits you but does no damage.
You block the gnoll's attack.
You hit the gnoll but do no damage.
Your shield and scale mail prevent you from hitting the bat.
The bat closely misses you. You block the bat's attack.
The gnoll hits you but does no damage.
You hit the gnoll but do no damage. You miss the bat.
The bat hits you but does no damage. The gnoll hits you with a +0 club.
The gnoll hits you but does no damage. The bat barely misses you.
You are too injured to fight recklessly!
You are too injured to fight recklessly!
You are too injured to fight recklessly!
You are too injured to fight recklessly!
The bat hits you but does no damage.
You hit the bat.
The bat is moderately wounded.
You hit the gnoll. You block the bat's attack. You block the gnoll's attack.
The bat hits you but does no damage.
You closely miss the bat. You hit the gnoll.
The bat hits you but does no damage. The gnoll hits you but does no damage.
An endoplasm comes into view.
You block the gnoll's attack. You block the bat's attack.
The bat hits you but does no damage. You block the bat's attack.
The bat hits you.
You hit the bat.
You kill the bat!
You barely miss the gnoll. The gnoll hits you with a +0 club.
You block the gnoll's attack.
Unknown command.
You hit the gnoll.
The gnoll is almost dead.
The gnoll hits you with a +0 club!
* * * LOW HITPOINT WARNING * * *
Unknown command.
You barely miss the gnoll.
The gnoll is almost dead.
The gnoll hits you with a +0 club.
You die...

....... .# .......
..######. .......
...#..... .J.....
........ .....
#..#..#
#..##.#!.##.#
#..........#
#.###.g........
#......@######
#......#.†# ..
..####....#######...
##.##......>....
#......$.....#
...###..#.##### ####
#.......##########
##.##.##...........
.......#####.######


You could see a gnoll.

Vanquished Creatures
  A ball python (D:1)
  A hobgoblin (D:1)
  A bat (D:1)
  A frilled lizard (D:1)
4 creatures vanquished.

Notes
Turn   | Place    | Note
-------+----------+-------------------------------------------
     0 | D:1      | Zeld the Hill Orc Fighter began the quest for the Orb.
     0 | D:1      | Reached XP level 1. HP: 19/19 MP: 1/1
    47 | D:1      | HP: 1/20 [gnoll/+0 club (7)]
    48 | D:1      | Slain by a gnoll

Illustrated notes

Levels and vault maps discovered:
D:1:      mrwooster_arrival_statue_2, layout_rooms,
          hellmonk_ecumenical_altar_zigzags

Action                   || total
-------------------------++-------
Melee: War axe           ||    17
Armor: Scale mail        ||    14
Dodge: Dodged            ||    10
Block: Kite shield       ||    17

Table legend: (Time is in decaauts)
 A = Elapsed time spent in this place.
 B = Non-inter-level travel time spent in this place.
 C = Inter-level travel time spent in this place.
 D = Time resting spent in this place.
 E = Time spent auto-exploring this place.
 F = Levels seen in this place.
 G = Mean time per level.
                   A        B        C        D        E       F      G
               +--------+--------+--------+--------+--------+-----+--------+
         Total |     57 |     57 |      0 |      0 |     19 |   1 |   57.0 |
       Dungeon |     57 |     57 |      0 |      0 |     19 |   1 |   57.0 |
               +--------+--------+--------+--------+--------+-----+--------+

Top non-repeatable levels by time:
     D:1: 57 daAuts
